 Dungeon Crawl Stone Soup version 0.26-a0-639-g72c4674329 (webtiles) character file.

Game seed: 17967090773565461015

966 Borgoz the Skirmisher (level 8, -5/51 HPs)
             Began as a Gargoyle Berserker on Sept 19, 2020.
             Was a Priest of Trog.
             Splashed by an oklob plant's acid (12 damage)
             ... on level 4 of the Dungeon.
             The game lasted 00:05:13 (5133 turns).

Borgoz the Skirmisher (Gargoyle Berserker)          Turns: 5133, Time: 00:05:13

Health: -5/51      AC:  7    Str: 22    XL:     8   Next: 15%
Magic:  8/8        EV: 12    Int:  7    God:    Trog [***...]
Gold:   226        SH:  0    Dex: 11    Spells: 7/7 levels left

rFire    . . .     SeeInvis .   o - +0 morningstar
rCold    . . .     Faith    .   (no shield)
rNeg     + . .     Spirit   .   h - +1 ring mail
rPois    ∞         Reflect  .   (no helmet)
rElec    +         Harm     .   l - +2 cloak {Stlth+}
rCorr    .         Rampage  .   y - +2 pair of gloves
MR       .....                  (no boots)
Stlth    +.........             (no amulet)
HPRegen  0.17/turn              (no ring)
MPRegen  0.11/turn              (no ring)

@: corroded
A: negative energy resistance 1, electricity resistance, unbreathing,
petrification resistance, rot immunity, AC +5
a: Berserk, Trog's Hand, Renounce Religion


You were on level 4 of the Dungeon.
You worshipped Trog.
Trog was most pleased with you.
You visited 1 branch of the dungeon, and saw 4 of its levels.

You collected 226 gold pieces.

Inventory:

Hand Weapons
 o - a +0 morningstar (weapon)
 u - the cursed +3 hunting sling "Grim Tooth" {flame, Int+3, unknown}
   (You found it on level 4 of the Dungeon)

   It causes projectiles fired from it to burn those they strike, causing extra
   injury to most foes and up to half again as much damage against particularly
   susceptible opponents.
   It affects your intelligence (+3).
   It has a curse placed upon it.
 w - the +1 whip "Vaistria" {vamp, Dex+3}
   (You found it on level 4 of the Dungeon)

   It inflicts no extra harm, but heals its wielder when it wounds a living foe.
   It affects your dexterity (+3).
 z - a +2 whip of electrocution
Armour
 h - a +1 ring mail (worn)
 l - a +2 cloak of stealth (worn)
 y - a +2 pair of gloves (worn)
Wands
 q - a wand of paralysis (10)
Scrolls
 b - a scroll of fear
 d - a scroll of teleportation
 j - 2 scrolls of fog
 r - a scroll of blinking
 t - a scroll of enchant armour
Potions
 a - a potion of invisibility {unknown}
 c - a potion of flight
 e - 2 potions of might
 f - 3 potions of curing
 g - a potion of heal wounds
 i - 2 potions of stabbing
 k - 4 potions of degeneration {unknown}
 m - a potion of lignification {unknown}
 p - a potion of berserk rage {unknown}
 s - 3 potions of cancellation {unknown}
 v - a potion of resistance
 x - a potion of haste {unknown}


   Skills:
 * Level 5.8 Fighting
 * Level 5.3 Maces & Flails
 * Level 5.3 Armour
 * Level 3.6 Dodging
 + Level 2.7 Stealth


You had 7 spell levels left.
You didn't know any spells.
Your spell library was empty.

Dungeon Overview and Level Annotations

Branches:
Dungeon (4/15)
 Temple: D:4-7

Altars:
Fedhas
Okawaru

Annotations:
D:4 exclusion: oklob plant


Innate Abilities, Weirdness & Mutations

You are resistant to torment.
Your stone body is resilient. (AC +5)
You are immune to poison.
You resist negative energy. (rN+)
You are resistant to electric shocks. (rElec)
You can survive without breathing.
You are immune to petrification.
You are immune to rotting.


Message History

You hit the oklob plant but do no damage.
The oklob plant is moderately damaged.
The oklob plant spits acid at you.
The splash of acid hits you but does no damage.
You are splashed with acid!!
You sock the oklob plant!
The oklob plant is heavily damaged.
You hit the oklob plant.
The oklob plant is heavily damaged.
You hit the oklob plant but do no damage.
The oklob plant is heavily damaged.
You hit the oklob plant but do no damage.
The oklob plant is heavily damaged.
The oklob plant spits acid at you. The splash of acid hits you!
The acid corrodes you!
You are splashed with acid!
* * * LOW HITPOINT WARNING * * *
The oklob plant spits acid at you.
The splash of acid hits you but does no damage.
The acid corrodes you!
You are splashed with acid!
You die...

#.....................#.
#.##.####..#.##.#######.
###.######################
#...# #♣PPP..♣P#P.#PP#P#.#
###.###.#P.PPPPP.PPPPP#PP#
######...#PP..#PPP.#PPP#..♣.P
#........#...PPP.#♣♣.#PP♣P#PP
#####....#♣♣.PP.P.......♣.PPP
#..###P#@PPP..≈≈≈≈≈..P#P.
#....#...P...≈≈≈≈≈≈≈..P.P
#..###P.PP..≈≈≈≈≈≈≈≈≈....
#....#PP.P.≈≈≈≈≈≈≈≈≈≈≈.P#
#####..###P♣P..≈≈≈≈...≈≈≈≈.##
#........#PP##......_.≈≈≈≈...
#####..###PP#P.≈≈≈≈...≈≈≈≈.##
#..# #P♣P♣.≈≈≈≈≈≈≈≈≈≈≈.PP
#..# #PP#P..≈≈≈≈≈≈≈≈≈..#P


You could see an oklob plant.

Vanquished Creatures
  Pikel (D:4)
  Sigmund (D:4)
  A sky beast (D:3)
  4 lemures (D:4)
  Crazy Yiuf (D:2)
  An iguana (D:2)
  Jessica (D:2)
  An orc wizard (D:4)
  2 worker ants
  2 adders
  2 oozes (D:3)
  2 worms (D:2)
  3 dart slugs
  A leopard gecko (D:2)
  12 orcs
  2 giant cockroaches
  6 goblins
  10 hobgoblins
  9 jackals
  9 kobolds
  3 quokkas
  5 bats
  5 frilled lizards
  7 rats
91 creatures vanquished.

Vanquished Creatures (others)
  2 fungi (D:4)
  3 plants (D:4)
5 creatures vanquished.

Grand Total: 96 creatures vanquished

Notes
Turn   | Place    | Note
-------+----------+-------------------------------------------
     0 | D:1      | Borgoz the Gargoyle Berserker began the quest for the Orb.
     0 | D:1      | Reached XP level 1. HP: 14/14 MP: 1/1
   570 | D:1      | You fall into a shaft and drop 1 floor!
   570 | D:2      | Noticed Jessica
   575 | D:2      | Reached XP level 2. HP: 19/19 MP: 2/2
   576 | D:2      | Killed Jessica
   576 | D:2      | Reached XP level 3. HP: 24/24 MP: 3/3
  1365 | D:2      | Reached XP level 4. HP: 29/29 MP: 4/4
  1439 | D:2      | Reached ** piety under Trog
  2196 | D:2      | Found an iron altar of Okawaru.
  2385 | D:2      | Found a runed translucent door.
  2386 | D:2      | Noticed Crazy Yiuf
  2514 | D:2      | Killed Crazy Yiuf
  2514 | D:2      | Reached XP level 5. HP: 34/34 MP: 5/5
  2647 | D:3      | Noticed a sky beast
  2664 | D:3      | Killed a sky beast
  2664 | D:3      | Reached XP level 6. HP: 32/39 MP: 6/6
  3099 | D:3      | Reached skill level 1 in Stealth
  3786 | D:4      | Reached *** piety under Trog
  3952 | D:4      | Got an iridescent hunting sling
  4125 | D:4      | Noticed Sigmund
  4151 | D:4      | Killed Sigmund
  4151 | D:4      | Reached skill level 5 in Fighting
  4151 | D:4      | Reached XP level 7. HP: 44/44 MP: 7/7
  4305 | D:4      | Got a jewelled whip
  4306 | D:4      | Identified the cursed +1 whip "Vaistria" {vamp, Dex+3} (You
                  | found it on level 4 of the Dungeon)
  4448 | D:4      | Found a blossoming altar of Fedhas.
  4462 | D:4      | Noticed an oklob plant
  4579 | D:4      | Noticed Pikel
  4625 | D:4      | Killed Pikel
  4625 | D:4      | Reached skill level 5 in Maces & Flails
  4625 | D:4      | Reached skill level 5 in Armour
  4625 | D:4      | Reached XP level 8. HP: 39/51 MP: 8/8
  5133 | D:4      | Splashed by an oklob plant's acid

Illustrated notes

Levels and vault maps discovered:
D:1:      wander_arrival_abandoned_jail, layout_loops_corners, kennysheep_boxes
D:2:      layout_loops_cross, okawaru_metal_pillars_1_2, minmay_misc_feat_doors,
          uniq_crazy_yiuf_cottage, uniq_jessica
D:3:      minmay_general_purpose_star, layout_rooms
D:4:      layout_basic, tgw_fedhas, st_stairs_9, minmay_cupped, uniq_pikel,
          uniq_sigmund

Skill      XL: |  1  2  3  4  5  6  7 |
---------------+----------------------+-----
Armour         | 3 4 5 |  5.3
Dodging        | 2 3 |  3.6
Fighting       | 4 5 |  5.8
Maces & Flails | 4 5 |  5.3
Stealth        | 1 2 |  2.7

Action                   |  1- 3 |  4- 6 |  7- 9 || total
-------------------------+-------+-------+-------++-------
Melee: Mace              |    57 |   123 |       ||   180
       Morningstar       |       |    96 |    43 ||   139
       Whip              |       |       |    46 ||    46
Invok: Berserk           |     2 |     4 |     1 ||     7
       Trog's Hand       |       |     1 |       ||     1
  Use: Scroll            |       |     6 |     7 ||    13
Armor: Animal skin       |     9 |       |       ||     9
       Ring mail         |    20 |   145 |    32 ||   197
Dodge: Dodged            |    43 |   151 |    37 ||   231

Table legend: (Time is in decaauts)
 A = Elapsed time spent in this place.
 B = Non-inter-level travel time spent in this place.
 C = Inter-level travel time spent in this place.
 D = Time resting spent in this place.
 E = Time spent auto-exploring this place.
 F = Levels seen in this place.
 G = Mean time per level.
                   A        B        C        D        E       F      G
               +--------+--------+--------+--------+--------+-----+--------+
         Total |   5289 |   5101 |    188 |    996 |   3294 |   4 | 1322.2 |
       Dungeon |   5289 |   5101 |    188 |    996 |   3294 |   4 | 1322.2 |
               +--------+--------+--------+--------+--------+-----+--------+

Top non-repeatable levels by time:
     D:2: 1608 daAuts
     D:4: 1426 daAuts
     D:3: 1202 daAuts
     D:1: 1051 daAuts
